 Dungeon Crawl Stone Soup version 0.28.0-53-g5a82cb258f (webtiles) character file.

Game seed: 376895837676649789

11268 cbfl8 the Fighter (level 11, -5/104 HPs)
             Began as a Minotaur Abyssal Knight on July 17, 2022.
             Was a Priest of Lugonu.
             Slain by a boulder beetle (10 damage)
             ... on level 11 of the Dungeon.
             The game lasted 00:21:32 (14344 turns).

cbfl8 the Fighter (Minotaur Abyssal Knight)        Turns: 14344, Time: 00:21:33

Health: -5/104     AC: 20    Str: 21    XL:     11   Next: 47%
Magic:  11/11      EV: 13    Int:  7    God:    Lugonu [***...]
Gold:   523        SH:  0    Dex: 12    Spells: 10/10 levels left

rFire   . . .      SeeInvis .   G - +4 war axe (freeze)
rCold   + . .      Faith    .   (no shield)
rNeg    . . .      Spirit   .   O - +0 plate armour {rC+}
rPois   .          Reflect  .   P - +0 hat
rElec   .          Harm     .   g - +0 cloak
rCorr   .          Rampage  .   u - +0 pair of gloves
Will    .....                   p - +1 pair of boots
Stlth   ..........              v - amulet of magic regeneration
HPRegen 0.27/turn               x - +4 ring of evasion
MPRegen 0.52/turn               (no ring)

@: no status effects
A: horns 2, retaliatory headbutt
a: Renounce Religion, Depart the Abyss, Bend Space, Banish


You were on level 11 of the Dungeon.
You worshipped Lugonu.
Lugonu was most pleased with you.
You visited 1 branch of the dungeon, and saw 12 of its levels.
You visited the Abyss 1 time.

You collected 523 gold pieces.

Inventory:

Hand Weapons
 a - a +1 hand axe
 t - the +9 dagger of Yreqirug {vorpal, rC- rN++ Will+ Dex+4}
   (You found it on level 5 of the Dungeon)

   It inflicts extra damage upon your enemies.
   Dex:       It affects your dexterity (+4).
   rC:        It makes you vulnerable to cold.
   rN:        It greatly protects you from negative energy.
   Will:      It increases your willpower.
 F - a +2 battleaxe
 G - a +4 war axe of freezing (weapon)
Missiles
 E - a throwing net
Armour
 b - a +0 leather armour
 g - a +0 cloak (worn)
 j - a +0 ring mail
 p - a +1 pair of boots (worn)
 u - a +0 pair of gloves (worn)
 J - a +0 plate armour
 O - a +0 plate armour of cold resistance (worn)
 P - a +0 hat (worn)
Jewellery
 v - an amulet of magic regeneration (around neck)
 x - a +4 ring of evasion (left hand)
Wands
 l - a wand of flame (22) (quivered)
Scrolls
 d - a scroll of magic mapping {unknown}
 e - 2 scrolls of teleportation
 k - 2 scrolls of vulnerability
 m - a scroll of enchant weapon
 o - a scroll of summoning
 r - 3 scrolls of blinking
 s - 3 scrolls of fog
 y - 2 scrolls of torment
 z - a scroll of acquirement {unknown}
 A - 2 scrolls of fear {unknown}
 B - a scroll of brand weapon {unknown}
 C - a scroll of noise
 D - a scroll of enchant armour {unknown}
 K - a scroll of holy word {unknown}
 L - a scroll of amnesia {unknown}
Potions
 c - 4 potions of lignification
 f - 2 potions of resistance
 h - 3 potions of curing
 i - 3 potions of cancellation
 n - a potion of berserk rage {unknown}
 q - a potion of flight {unknown}
 w - a potion of might {unknown}
 H - a potion of ambrosia {unknown}
 I - a potion of brilliance {unknown}
 N - a potion of mutation {unknown}


   Skills:
 * Level 11.7 Fighting
 + Level 8.9 Short Blades
 + Level 9.8 Axes
 + Level 11.1 Armour
 + Level 6.3 Dodging
 - Level 1.0 Stealth
 - Level 2.5 Invocations


You had 10 spell levels left.
You didn't know any spells.
Your spell library contained the following spells:

 Spells                   Type           Power      Damage    Failure   Level
 Freeze                   Ice            0%         1d3       100%        1
 Frozen Ramparts          Ice            0%         1d2       100%        3
 Animate Armour           Summ/Erth      0%         N/A       100%        4
 Hailstorm                Conj/Ice       0%         3d3       100%        4
 Blade Hands              Tmut           0%         N/A       100%        5
 Iron Shot                Conj/Erth      0%         9d1       100%        6


Dungeon Overview and Level Annotations

Branches:
Dungeon (12/15)            Temple (0/1) D:4            Lair (0/6) D:10
    Orc (0/2) D:10

Altars:
Ashenzari
Cheibriados
Dithmenos
Ru
Trog
Wu Jian
Xom
Yredelemnul
Zin
Beogh

Shops:
D:3 *   D:10 ([(

Annotations:
D:9 corrupted
D:10 corrupted
Abyss:1 Harold


Innate Abilities, Weirdness & Mutations

You have a pair of horns on your head.
You reflexively headbutt those who attack you in melee.


Message History

You headbutt the boulder beetle, but do no damage.
The boulder beetle is severely wounded.
The boulder beetle bites you but does no damage.
You slash the boulder beetle! You freeze the boulder beetle.
The boulder beetle is almost dead.
The boulder beetle leaps!
The boulder beetle curls into a ball and begins rolling!
The boulder beetle misses you.
The boulder beetle stops rolling and uncurls.
You hit the boulder beetle but do no damage.
The boulder beetle is severely wounded.
The boulder beetle bites you!
You hit the boulder beetle but do no damage.
You headbutt the boulder beetle, but do no damage.
The boulder beetle is severely wounded.
The boulder beetle leaps!
No target in view!
You start resting.
The boulder beetle curls into a ball and begins rolling!
A boulder beetle is nearby!
The boulder beetle hits you!!!
* * * LOW HITPOINT WARNING * * *
The boulder beetle stops rolling and uncurls.
You are too injured to fight recklessly!
You are too injured to fight recklessly!
You hit the boulder beetle. You freeze the boulder beetle.
The boulder beetle is severely wounded.
The boulder beetle bites you!
* * * LOW HITPOINT WARNING * * *
You hit the boulder beetle but do no damage.
The boulder beetle is severely wounded.
The boulder beetle bites you but does no damage.
You hit the boulder beetle but do no damage.
You headbutt the boulder beetle, but do no damage.
The boulder beetle is severely wounded.
The boulder beetle barely misses you.
You barely miss the boulder beetle.
The boulder beetle is severely wounded.
The boulder beetle bites you!
You die...

#.........#.........#### #.
......#.###.#.......##########.
#######o#.# #.#................'.
<.....CB#.###.##.........#######.
#########...#.##..≈......# #.
#......##........)# ##
#......##.........#
#......##.........#
#......##@B.......#
#............#.....
#............#.....##
####'#.......# #..# #.#.......#
##.# ###.#.......# #.##
#.†.#.####### #..### #°###.#
#....# #' #.. #))..#


You could see a boulder beetle.

Vanquished Creatures
  2 two-headed ogres
  2 boulder beetles
  A cyclops (D:11)
  Joseph (D:10)
  An unseen horror (D:10)
  2 trolls
  A hornet (D:7)
  A wyvern (D:9)
  A wraith (D:11)
  10 yaks
  A steam dragon (D:9)
  A water moccasin (D:6)
  An acid dragon (D:10)
  4 orc warriors
  2 sky beasts
  A black bear (D:4)
  A necrophage (D:6)
  3 ogres
  4 bullfrogs
  A water moccasin zombie (D:5)
  2 wyvern zombies
  2 scorpions
  19 wights
  4 hounds
  2 jellies
  7 orc priests
  3 centaur zombies
  2 bullfrog skeletons
  Jessica (D:3)
  A scorpion zombie (D:4)
  An iguana (D:6)
  4 orc wizards
  A killer bee zombie (D:7)
  A hound skeleton (D:5)
  A hound zombie (D:3)
  A howler monkey zombie (D:8)
  A howler monkey skeleton (D:5)
  6 adders
  3 worms
  A dart slug (D:1)
  45 orcs
  7 bats
  9 endoplasms
  5 giant cockroaches
  9 goblins
  8 hobgoblins
  2 jackals (D:2)
  6 kobolds
  2 quokkas
  11 ball pythons
  2 frilled lizards
  11 rats
221 creatures vanquished.

Vanquished Creatures (others)
  Gastronok (D:10)
  A wraith (D:9)
  A yak (D:10)
  An acid dragon (D:9)
  An orc warrior (D:9)
  A howler monkey (D:9)
  An orc priest (D:9)
  A centaur zombie (D:9)
  A howler monkey zombie (D:9)
  3 orcs (D:9)
  4 plants (D:6)
16 creatures vanquished.

Grand Total: 237 creatures vanquished

Notes
Turn   | Place    | Note
-------+----------+-------------------------------------------
     0 | Abyss:1  | cbfl8 the Minotaur Abyssal Knight began the quest for the
                  | Orb.
     0 | Abyss:1  | Reached XP level 1. HP: 19/19 MP: 1/1
    83 | Abyss:1  | Noticed a worldbinder
    84 | D:1      | Escaped the Abyss
   211 | D:1      | Reached XP level 2. HP: 9/27 MP: 2/2
   465 | D:1      | Reached * piety under Lugonu
   841 | D:1      | Found a faded altar of an unknown god.
   960 | D:2      | Reached XP level 3. HP: 31/34 MP: 3/3
  1341 | D:2      | Reached ** piety under Lugonu
  1465 | D:2      | Reached XP level 4. HP: 41/41 MP: 4/4
  2014 | D:3      | Reached skill level 5 in Fighting
  2541 | D:3      | Found Ecahech's Assorted Antiques.
  2563 | D:3      | Noticed Jessica
  2571 | D:3      | Killed Jessica
  2572 | D:3      | Reached XP level 5. HP: 32/47 MP: 5/5
  3222 | D:4      | Reached *** piety under Lugonu
  3223 | D:4      | Found a basalt altar of Yredelemnul.
  3227 | D:4      | Reached XP level 6. HP: 56/56 MP: 6/6
  3465 | D:4      | Found a staircase to the Ecumenical Temple.
  3488 | D:4      | Reached skill level 5 in Axes
  4260 | D:5      | Entered Level 5 of the Dungeon
  4321 | D:5      | Reached XP level 7. HP: 49/62 MP: 7/7
  4544 | D:5      | Reached skill level 1 in Stealth
  4691 | D:5      | Found a snail-covered altar of Cheibriados.
  4714 | D:5      | Found a shadowy altar of Dithmenos.
  4717 | D:5      | Found a glowing silver altar of Zin.
  4728 | D:5      | Found a shimmering altar of Xom.
  4730 | D:5      | Found an ornate altar of the Wu Jian Council.
  4840 | D:5      | Reached skill level 5 in Armour
  5203 | D:5      | Found a broken altar of Ashenzari.
  5412 | D:5      | Identified the +9 dagger of Yreqirug {vorpal, rC- rN++
                  | Will+ Dex+4}
  5518 | D:6      | Found a sacrificial altar of Ru.
  5696 | D:6      | Reached XP level 8. HP: 71/71 MP: 8/8
  5763 | D:6      | Reached skill level 1 in Short Blades
  6330 | D:7      | Noticed a hornet
  6343 | D:7      | Killed a hornet
  6343 | D:7      | Reached **** piety under Lugonu
  7025 | D:8      | Reached XP level 9. HP: 75/80 MP: 9/9
  7150 | D:8      | Reached skill level 5 in Short Blades
  7327 | D:8      | Noticed Harold
  7340 | D:8      | Banished Harold
  7632 | D:8      | Noticed a two-headed ogre
  7644 | D:8      | Killed a two-headed ogre
  7915 | D:8      | Reached XP level 10. HP: 91/91 MP: 10/10
  8184 | D:8      | Found a bloodstained altar of Trog.
  8584 | D:9      | Reached skill level 5 in Dodging
  9025 | D:9      | Corrupted D:9
  9026 | D:9      | Noticed a large abomination
  9026 | D:9      | Noticed an Executioner
  9030 | D:9      | Noticed a purple draconian
  9038 | D:9      | Noticed a soul eater
  9038 | D:9      | Noticed a spatial maelstrom
 10281 | D:10     | Entered Level 10 of the Dungeon
 10305 | D:10     | Noticed Joseph
 10333 | D:10     | Killed Joseph
 10622 | D:10     | Reached skill level 10 in Fighting
 10667 | D:10     | You fall into a shaft and drop 2 floors!
 10679 | D:12     | Noticed a two-headed ogre
 10687 | D:12     | Killed a two-headed ogre
 10961 | D:11     | Noticed a two-headed ogre
 11304 | D:11     | Noticed a boulder beetle
 11361 | D:10     | Noticed Gastronok
 11372 | D:10     | Reached skill level 10 in Armour
 11374 | D:10     | Corrupted D:10
 11374 | D:10     | Noticed a spatial maelstrom
 11374 | D:10     | Noticed an orange demon
 11374 | D:10     | Noticed a smoke demon
 11374 | D:10     | Noticed a death knight
 11376 | D:10     | Noticed an eye of devastation
 11376 | D:10     | Killed Gastronok
 11377 | D:10     | Reached XP level 11. HP: 16/101 MP: 3/11
 11378 | D:10     | Noticed a tentacled starspawn
 11378 | D:10     | Noticed a thrashing horror
 11381 | D:10     | Noticed a large abomination
 11388 | D:10     | Noticed a sixfirhy
 11393 | D:10     | Noticed a tentacled starspawn
 11431 | D:10     | Noticed a rakshasa
 11981 | D:10     | Found a staircase to the Lair.
 12285 | D:10     | Found a staircase to the Orcish Mines.
 12309 | D:10     | Noticed an orc knight
 12618 | D:11     | Noticed a boulder beetle
 13002 | D:10     | Banished an orc knight
 13371 | D:10     | Noticed a boulder beetle
 13383 | D:10     | Killed a boulder beetle
 13787 | D:10     | Found Iptachur's Armour Emporium.
 13789 | D:10     | Found Nercheliw's Weapon Shoppe.
 13789 | D:10     | Found Coic Cio's Weapon Shop.
 14320 | D:11     | Killed a boulder beetle
 14341 | D:11     | HP: 5/104 [boulder beetle (9)]
 14344 | D:11     | Slain by a boulder beetle

Illustrated notes

Levels and vault maps discovered:
D:1:      lemuel_arrival_behind_the_door_large, layout_basic,
          basic_ecumenical_altar
D:2:      layout_loops_ring, eino_curves_02
D:3:      layout_basic, serial_shops, shop_statue, grunt_ministairs_14,
          uniq_jessica
D:4:      layout_loops_cross, mainiacjoe_overflow_24_doors,
          minmay_temple_entry_hall, nicolae_elevator_lobby_asterisk
D:5:      layout_loops_ring, nicolae_ashenzari_skybound,
          minmay_overflow_temple_star_hex
D:6:      layout_rooms, mainiacjoe_overflow_boulevard, serial_corexii_hall,
          corexii_hall_statues_l, chequers_hall_statues_corner_a
D:7:      layout_basic
D:8:      layout_loops_ring, mainiacjoe_overflow_brackets, st_stairs_12,
          uniq_harold
D:9:      layout_layer_cave
D:10:     layout_roguey, lair_entry_dummy, david_orc_5, minivault_24,
          nicolae_wooded_promenade, grunt_ministairs_14, uniq_gastronok,
          uniq_joseph
D:11:     layout_basic, minmay_lindwurm_lava
D:12:     layout_loops_ring, uniq_psyche

Skill      XL: |  1  2  3  4  5  6  7  8  9 10 11 |
---------------+----------------------------------+-----
Fighting       | 4 5 6 7 9 10 11 | 11.7
Invocations    | 2 |  2.5
Armour         | 3 4 5 6 8 10 11 | 11.1
Axes           | 3 4 5 7 8 9 |  9.8
Dodging        | 2 3 4 6 |  6.3
Stealth        | 1 |  1.0
Short Blades   | 4 7 8 |  8.9

Action                   |  1- 3 |  4- 6 |  7- 9 | 10-12 || total
-------------------------+-------+-------+-------+-------++-------
Melee: Hand axe          |    85 |   133 |    57 |       ||   275
       Headbutt          |    11 |    19 |    37 |    59 ||   126
       Punch             |     1 |     3 |     4 |     4 ||    12
       Dagger            |       |       |   131 |   116 ||   247
       War axe           |       |       |       |   157 ||   157
Invok: Depart the Abyss  |     1 |       |       |       ||     1
       Banish            |       |       |     3 |     3 ||     6
       Corrupt           |       |       |       |     2 ||     2
       Bend Space        |       |       |       |     3 ||     3
Evoke: Wand              |       |       |       |     1 ||     1
  Use: Scroll            |       |       |     9 |     4 ||    13
       Potion            |       |       |     2 |     4 ||     6
Armor: Leather armour    |    27 |     5 |       |       ||    32
       Ring mail         |       |    44 |    68 |    29 ||   141
       Plate armour      |       |       |       |   143 ||   143
Dodge: Dodged            |    43 |    86 |    94 |   199 ||   422
